 Dungeon Crawl Stone Soup version 0.28-a0-1002-gf00fe891ef (webtiles) character file.

Game seed: 15008070971806390198

50 ders the Digger (level 3, -2/19 HPs)
             Began as a Gargoyle Earth Elementalist on Dec 6, 2021.
             Slain by a gnoll (5 damage)
             ... on level 2 of the Dungeon.
             The game lasted 00:01:04 (957 turns).

ders the Digger (Gargoyle Earth Elementalist)        Turns: 957, Time: 00:01:05

Health: -2/19      AC:  5    Str: 11    XL:     3   Next: 79%
Magic:  1/7        EV: 11    Int: 17    God:
Gold:   53         SH:  0    Dex: 10    Spells: 6/7 levels left

rFire   . . .      SeeInvis .   h - +1 dagger (venom)
rCold   . . .      Faith    .   (no shield)
rNeg    + . .      Spirit   .   b - +0 robe
rPois   ∞          Reflect  .   (no helmet)
rElec   +          Harm     .   (no cloak)
rCorr   .          Rampage  .   (no gloves)
Will    .....                   (no boots)
Stlth   ++........              (no amulet)
HPRegen 0.06/turn               (no ring)
MPRegen 0.10/turn               (no ring)

@: no status effects
A: sickness immunity, AC +3, negative energy resistance 1, electricity
resistance, torment resistance 1, petrification resistance
a: no special abilities


You were on level 2 of the Dungeon.
You visited 1 branch of the dungeon, and saw 2 of its levels.

You collected 53 gold pieces.

Inventory:

Hand Weapons
 h - a +1 dagger of venom (weapon)
Missiles
 c - 36 stones
Armour
 b - a +0 robe (worn)
 i - a +0 cloak
Scrolls
 d - a scroll of immolation {unknown}
 f - a scroll of teleportation {unknown}
 g - a scroll of silence {unknown}
Potions
 a - a potion of haste {unknown}
 e - a potion of heal wounds {unknown}


   Skills:
 - Level 1.5 Dodging
 - Level 2.1 Stealth
 + Level 2.6 Spellcasting
 + Level 1.9 Conjurations
 - Level 0.7 Transmutations
 + Level 4.3 Earth Magic


You had 6 spell levels left.
You knew the following spells:

 Your Spells              Type           Power      Damage    Failure   Level
a - Sandblast             Erth           34%        2d9       3%          1

Your spell library contained the following spells:

 Spells                   Type           Power      Damage    Failure   Level
 Passwall                 Tmut/Erth      8%         N/A       10%         2
 Stone Arrow              Conj/Erth      24%        3d8       16%         3
 Petrify                  Tmut/Erth      10%        N/A       54%         4


Dungeon Overview and Level Annotations

Branches:
Dungeon (2/15)

Altars:


Innate Abilities, Weirdness & Mutations

You are immune to sickness and miasma.
Your stone body is resilient. (AC +3)
You are immune to poison.
You resist negative energy. (rN+)
You are resistant to electric shocks. (rElec)
You are resistant to unholy torment.
You are immune to petrification.


Message History

Casting: Sandblast (safe; 3% risk of failure)
Confirm with . or Enter, or press ? or * to list all spells.
Aiming: Sandblast (safe; 3% risk of failure)
Press: ? - help, Shift-Dir - straight line, f - gnoll, p - gnoll
Aim: a gnoll, wielding a +0 flail (82% to hit)
The blast of sand hits the gnoll.
The gnoll is heavily wounded.
The bat barely misses you.
The gnoll hits you from afar with a +0 spear.
The bat barely misses you.
You hit the gnoll.
The gnoll is poisoned.
The gnoll is heavily wounded.
The bat hits you but does no damage. The gnoll barely misses you. x2
The bat hits you but does no damage.
You closely miss the gnoll.
The gnoll is heavily wounded.
The bat hits you but does no damage. The gnoll barely misses you.
The gnoll closely misses you. The bat hits you but does no damage.
You hit the gnoll.
The gnoll looks as sick as possible!
The gnoll is almost dead.
You kill the gnoll!
The bat hits you but does no damage.
The gnoll hits you from afar with a +0 spear.
The bat closely misses you.
You barely miss the bat.
The endoplasm quivers.
The bat hits you but does no damage. The gnoll closely misses you.
The bat hits you but does no damage.
You hit the bat but do no damage.
The bat is poisoned.
The bat barely misses you.
The gnoll hits you from afar with a +0 spear!
* * * LOW HITPOINT WARNING * * *
The bat barely misses you.
You hit the bat.
You kill the bat!
The gnoll hits you but does no damage.
You hit the endoplasm but do no damage. The gnoll closely misses you.
You hit the endoplasm but do no damage. The endoplasm barely misses you.
The gnoll hits you from afar with a +0 spear.
You die...

### ..# #.# #.# #.#
#.# #J# ##@###
#.)..#
#...g##############
#....'..g.)........
#....##############
###### #### ....


You could see a gnoll and an endoplasm.

Vanquished Creatures
  An adder (D:2)
  3 gnolls (D:2)
  A goblin (D:1)
  A hobgoblin (D:1)
  A kobold (D:1)
  A ball python (D:1)
  3 bats
  2 frilled lizards (D:1)
  2 rats (D:1)
15 creatures vanquished.

Notes
Turn   | Place    | Note
-------+----------+-------------------------------------------
     0 | D:1      | ders the Gargoyle Earth Elementalist began the quest for
                  | the Orb.
     0 | D:1      | Reached XP level 1. HP: 10/10 MP: 3/3
    50 | D:1      | Found a faded altar of an unknown god.
   293 | D:1      | Reached XP level 2. HP: 15/15 MP: 3/5
   865 | D:2      | Reached skill level 1 in Conjurations
   865 | D:2      | Reached skill level 4 in Earth Magic
   908 | D:2      | Reached XP level 3. HP: 19/19 MP: 3/6
   957 | D:2      | Slain by a gnoll

Illustrated notes

Levels and vault maps discovered:
D:1:      minmay_arrival_arboretum_small, layout_basic,
          dreamdust_ecumenical_altar_grove
D:2:      layout_basic, hex_tiny, uniq_jessica

Skill      XL: |  1  2 |
---------------+-------+-----
Conjurations   | 1 |  1.9
Earth Magic    | 4 |  4.3
Dodging        | |  1.5
Stealth        | |  2.1
Spellcasting   | |  2.6
Transmutations | |  0.7

Action                   || total
-------------------------++-------
Melee: Dagger            ||     9
 Cast: Sandblast         ||    24
Armor: Robe              ||    14
Dodge: Dodged            ||    25

Table legend: (Time is in decaauts)
 A = Elapsed time spent in this place.
 B = Non-inter-level travel time spent in this place.
 C = Inter-level travel time spent in this place.
 D = Time resting spent in this place.
 E = Time spent auto-exploring this place.
 F = Levels seen in this place.
 G = Mean time per level.
                   A        B        C        D        E       F      G
               +--------+--------+--------+--------+--------+-----+--------+
         Total |    955 |    882 |     73 |      0 |    756 |   2 |  477.5 |
       Dungeon |    955 |    882 |     73 |      0 |    756 |   2 |  477.5 |
               +--------+--------+--------+--------+--------+-----+--------+

Top non-repeatable levels by time:
     D:1: 860 daAuts
     D:2: 95 daAuts
